 Dungeon Crawl Stone Soup version 0.31.0-11-ge490571c62 (webtiles) character file.

Game seed: 4418299774307095588

1342 SmokeWeed the Sneak (level 8, 0/37 HPs)
             Began as a Spriggan Enchanter on Jan 29, 2024.
             Slain by Joseph
             ... wielding a +0 quarterstaff
              (7 damage)
             ... on level 7 of the Dungeon.
             The game lasted 00:23:32 (4415 turns).

SmokeWeed the Sneak (Spriggan Enchanter)            Turns: 4415, Time: 00:23:33

Health: 0/37       AC:  4    Str:  4    XL:     8   Next: 35%
Magic:  10/17      EV: 20    Int: 23    God:
Gold:   355        SH:  0    Dex: 17    Spells: 6/18 levels left

rFire   . . .        l - +4 dagger (vamp)
rCold   + . .        H - orb {*channel}
rNeg    . . .        I - +1 robe {Will+}
rPois   .            (helmet restricted)
rElec   .            n - +0 cloak
rCorr   .            (gloves unavailable)
SInv    +            (boots unavailable)
Will    ++...        f - amulet of faith
Stlth   +++          d - +6 ring of intelligence
HPRegen 0.26/turn    D - ring of protection from cold
MPRegen 0.15/turn

%: faith, channel magic (20%)
@: very quick
A: very small, no large weapons, unfitting armour, see invisible, speed 3
a: no special abilities


You were on level 7 of the Dungeon.
You visited 1 branch of the dungeon, and saw 6 of its levels.

You collected 355 gold pieces.

Inventory:

Hand Weapons
 l - a +4 vampiric dagger (weapon)
 u - a +1 dagger of speed
 x - a +0 rapier of venom
 B - a +1 dagger of draining
 F - a +2 dagger of freezing
 G - a +4 trident of draining
Missiles
 g - 40 stones
 j - 4 boomerangs
 z - a throwing net
Armour
 b - a +2 robe
 n - a +0 cloak (worn)
 H - an orb of energy (worn)
 I - a +1 robe of willpower (worn)
Magical Staves
 K - a staff of cold
Jewellery
 d - a +6 ring of intelligence (left hand)
 f - an amulet of faith (around neck)
 D - a ring of protection from cold (right hand)
Wands
 i - a wand of quicksilver (6)
 o - a wand of flame (3) (quivered)
 v - a wand of polymorph (12)
 w - a wand of charming (11)
Scrolls
 a - a scroll of poison
 k - 2 scrolls of fog
 p - 3 scrolls of teleportation
 q - 6 scrolls of identify
 s - a scroll of vulnerability
 y - a scroll of noise
 C - 2 scrolls of torment
 J - a scroll of fear
Potions
 c - a potion of invisibility
 e - 4 potions of attraction
 h - a potion of degeneration {unknown}
 m - 3 potions of curing {unknown}
 r - a potion of lignification {unknown}
 t - a potion of heal wounds {unknown}
 A - a potion of enlightenment {unknown}
 E - a potion of berserk rage {unknown}


   Skills:
 * Level 1.5 Fighting
 + Level 5.4 Short Blades
 - Level 1.7 Throwing
 * Level 5.9 Dodging
 + Level 6.1 Stealth
 + Level 5.6 Spellcasting
 + Level 5.8 Hexes
 + Level 2.3 Ice Magic
 + Level 1.9 Evocations


You had 6 spell levels left.
You knew the following spells:

 Your Spells              Type           Power      Damage    Failure   Level
a - Ensorcelled Hibernat  Hex/Ice        50%        N/A       10%         2
b - Tukima's Dance        Hex            33%        N/A       10%         3
c - Confusing Touch       Hex            33%        N/A       10%         3
d - Dazzling Flash        Conj/Hex       38%        N/A       22%         3
e - Summon Small Mammal   Summ           24%        N/A       22%         1

Your spell library contained the following spells:

 Spells                   Type           Power      Damage    Failure   Level
 Call Canine Familiar     Summ           6%         N/A       47%         3
 Summon Blazeheart Golem  Fire/Summ      6%         N/A       83%         4


Dungeon Overview and Level Annotations

Branches:
Dungeon (5/15)             Temple (0/1) D:4

Altars:
Kikubaaqudgha
Makhleb

Shops:
D:4 =   D:5 :

Annotations:
D:7 Joseph


Innate Abilities, Weirdness & Mutations

You are very small and have problems with some larger weapons.
You are too small for most types of armour.
You have supernaturally acute eyesight. (SInv)
You cover ground extremely quickly. (Speed+++)


Message History

Confirm with . or Enter, or press ? or * to list all spells.
Aiming: Ensorcelled Hibernation (safe; 10% risk of failure)
Press: ? - help, Shift-Dir - straight line, f - Joseph
Aim: Joseph, wielding a +0 sling, wearing a +3 ring mail of poison resistance and carrying a wand of quicksilver (chance to affect: 38%) Joseph looks drowsy...
The helpless Joseph fails to defend himself.
You spit Joseph like a pig!!!
Joseph is severely wounded.
Your magical contamination has completely faded away.
Aiming: Throw Flame
Press: ? - help, Q - select action, (/) - cycle Shift-Dir - straight line, f/p - Joseph
Aim: Joseph, wielding a +0 sling, wearing a +3 ring mail of poison resistance and carrying a wand of quicksilver (severely wounded, 75% to hit)
The puff of flame hits Joseph.
Joseph is severely wounded.
Joseph unwields a +0 sling.
Joseph wields a +0 quarterstaff.
Joseph hits you with a +0 quarterstaff!
Aiming: Throw Flame
Press: ? - help, Q - select action, (/) - cycle Shift-Dir - straight line, f/p - Joseph
Aim: Joseph, wielding a +0 quarterstaff, wearing a +3 ring mail of poison resistance and carrying a wand of quicksilver (severely wounded, 75% to hit)
The puff of flame misses Joseph.
Joseph zaps a wand.
The bolt of dispelling energy misses you.
You closely miss Joseph.
Joseph is severely wounded.
Joseph zaps a wand.
The bolt of dispelling energy hits you!
* * * LOW HITPOINT WARNING * * *
Casting: Ensorcelled Hibernation (safe; 10% risk of failure)
Confirm with . or Enter, or press ? or * to list all spells.
Aiming: Ensorcelled Hibernation (safe; 10% risk of failure)
Press: ? - help, Shift-Dir - straight line, f/p - Joseph
Aim: Joseph, wielding a +0 quarterstaff, wearing a +3 ring mail of poison resistance and carrying a wand of quicksilver (severely wounded, not susceptible)
Okay, then.
Aiming: Throw Flame
Press: ? - help, Q - select action, (/) - cycle Shift-Dir - straight line, f/p - Joseph
Aim: Joseph, wielding a +0 quarterstaff, wearing a +3 ring mail of poison resistance and carrying a wand of quicksilver (severely wounded, 75% to hit)
Okay, then.
You barely miss Joseph.
Joseph is severely wounded.
Joseph hits you with a +0 quarterstaff!
You die...

..# ≈≈ ## ##.#
.######. .#.###
........#.....
####.#.........#..#
.......#
#.##..#..##.#
####.#.#
#....)#@....#
..##.#.# #..#.##@####
#.##.#.###..........#
#.##.#...........##.#
#.##.#.##...#.##.# #
#.##...............
#.##.#.#.#..#....##..
...................
...
............#.....#.
#.
..#..#.#.#..#.#.#.#


You could see Joseph.

Vanquished Creatures
  Jeremiah (D:7)
  Sigmund (D:4)
  A black bear (D:5)
  An ogre (D:4)
  A centaur (D:5)
  2 scorpions
  A hound (D:7)
  A jelly (D:5)
  An orc priest (D:7)
  Jessica (D:2)
  3 iguanas
  Ijyb (D:4)
  5 orc wizards
  3 gnolls (D:5)
  8 adders
  3 ribbon worms (D:2)
  7 dart slugs
  5 orcs
  7 ball pythons
  7 endoplasms
  3 giant cockroaches
  5 goblins
  10 hobgoblins
  2 jackals (D:5)
  2 quokkas
  6 bats
  2 frilled lizards (D:1)
  7 kobolds
  10 rats
107 creatures vanquished.

Notes
Turn   | Place    | Note
-------+----------+-------------------------------------------
     0 | D:1      | SmokeWeed the Spriggan Enchanter began the quest for the
                  | Orb.
     0 | D:1      | Reached XP level 1. HP: 9/9 MP: 5/5
   181 | D:1      | Reached XP level 2. HP: 9/13 MP: 6/6
   457 | D:1      | Learned a level 2 spell: Ensorcelled Hibernation
   592 | D:1      | Reached XP level 3. HP: 13/16 MP: 8/8
  1082 | D:2      | Reached skill level 5 in Stealth
  1355 | D:2      | Noticed Jessica
  1359 | D:2      | Killed Jessica
  1360 | D:2      | Reached XP level 4. HP: 21/21 MP: 9/9
  2077 | D:3      | Found a faded altar of an unknown god.
  2093 | D:3      | Reached XP level 5. HP: 24/24 MP: 10/10
  2217 | D:3      | Reached skill level 6 in Stealth
  2458 | D:3      | Found an ancient bone altar of Kikubaaqudgha.
  2588 | D:4      | Noticed Sigmund
  2635 | D:4      | Noticed an ogre
  2664 | D:4      | Killed Sigmund
  2665 | D:4      | Reached skill level 1 in Throwing
  2665 | D:4      | Reached skill level 1 in Ice Magic
  2665 | D:4      | Reached XP level 6. HP: 29/29 MP: 6/12
  2779 | D:4      | Noticed Ijyb
  2796 | D:4      | Killed Ijyb
  2831 | D:4      | Reached skill level 5 in Short Blades
  2835 | D:4      | Reached XP level 7. HP: 32/32 MP: 2/13
  2844 | D:4      | Found a staircase to the Ecumenical Temple.
  3000 | D:4      | Found Qaff's Jewellery Shop.
  3109 | D:4      | Found a burning altar of Makhleb.
  3109 | D:4      | Noticed a green death
  3196 | D:4      | Learned a level 3 spell: Tukima's Dance
  3200 | D:4      | Learned a level 3 spell: Confusing Touch
  3204 | D:4      | Learned a level 3 spell: Dazzling Flash
  3396 | D:5      | Entered Level 5 of the Dungeon
  3449 | D:5      | Reached skill level 1 in Evocations
  3540 | D:5      | Found Qeirchito's Book Emporium.
  3581 | D:5      | Reached skill level 1 in Fighting
  3581 | D:5      | Reached skill level 5 in Hexes
  3995 | D:5      | Reached skill level 5 in Dodging
  4004 | D:5      | Learned a level 1 spell: Summon Small Mammal
  4141 | D:5      | You fall into a shaft and drop 2 floors!
  4142 | D:7      | Noticed Jeremiah
  4157 | D:7      | Killed Jeremiah
  4158 | D:7      | Reached skill level 5 in Spellcasting
  4158 | D:7      | Reached XP level 8. HP: 34/37 MP: 15/17
  4391 | D:7      | Noticed Joseph
  4415 | D:7      | Slain by Joseph

Illustrated notes

Levels and vault maps discovered:
D:1:      onia_arrival_pyramid, layout_loops_cross
D:2:      layout_loops_ring, minmay_tetromino_l4, uniq_jessica
D:3:      layout_basic, lemuel_coloured_pillars_altar,
          ebering_ecumenical_altar_box, minmay_misc_feat_tiny
D:4:      layout_rooms, makhleb_altar_promises_db,
          minmay_temple_entry_from_below_a, serial_shops, nicolae_square_shop,
          uniq_ijyb, uniq_sigmund
D:5:      layout_loops_ring, serial_shops, nicolae_book_shop_shelving,
          minivault_1
D:7:      layout_basic, nicolae_overflow_crystal_walls,
          chequers_temple_overflow_minitemple, serial_aquarium,
          aquarium_bridge_long_joined [aquarium_subvault_wall,
          aquarium_subvault_window, aquarium_subvault_bridge,
          aquarium_subvault_bridge, aquarium_subvault_bridge,
          aquarium_subvault_wall], aquarium_bridge_square
          [aquarium_subvault_wall, aquarium_subvault_bridge,
          aquarium_subvault_window, aquarium_subvault_window],
          aquarium_window_corner, aquarium_window_2, aquarium_window_fake,
          aquarium_window_1, aquarium_view_2e, aquarium_balcony_1b, uniq_pikel,
          uniq_joseph, uniq_jeremiah, uniq_maggie, uniq_maurice

Skill      XL: |  1  2  3  4  5  6  7 |
---------------+----------------------+-----
Short Blades   | 2 3 4 5 |  5.4
Stealth        | 5 6 |  6.1
Dodging        | 3 5 |  5.9
Spellcasting   | 3 5 |  5.6
Throwing       | 1 |  1.7
Hexes          | 4 5 |  5.8
Ice Magic      | 1 2 |  2.3
Evocations     | 1 |  1.9
Fighting       | 1 |  1.5

Action                     |  1- 3 |  4- 6 |  7- 9 || total
---------------------------+-------+-------+-------++-------
  Melee: Dagger            |   109 |    74 |    60 ||   243
         Punch             |     2 |     1 |       ||     3
  Throw: Stone             |    12 |       |       ||    12
         Boomerang         |       |    14 |       ||    14
   Cast: Ensorcelled Hiber |     3 |    14 |    25 ||    42
         Tukima's Dance    |       |       |     4 ||     4
         Summon Small Mamm |       |       |     4 ||     4
  Evoke: Wand              |       |     8 |    12 ||    20
    Use: Scroll            |     5 |     2 |     6 ||    13
         Potion            |       |       |     1 ||     1
   Stab: Sleeping          |    12 |    19 |    21 ||    52
         Distracted        |     2 |       |     1 ||     3
         Invisible         |       |       |     3 ||     3
 Armour: Robe              |    30 |     9 |    18 ||    57
  Dodge: Dodged            |    65 |    35 |    43 ||   143
